 Dungeon Crawl Stone Soup version 0.31.0-12-g77e489cdc1 (webtiles) character file.

Game seed: 11539331306587988404

485 Curundu the Chopper (level 6, -5/57 HPs)
             Began as a Minotaur Berserker on Feb 27, 2024.
             Was a Believer of Trog.
             Slain by a scorpion (7 damage)
             ... on level 4 of the Dungeon.
             The game lasted 00:07:44 (2876 turns).

Curundu the Chopper (Minotaur Berserker)            Turns: 2876, Time: 00:07:44

Health: -5/57      AC:  3    Str: 23    XL:     6   Next: 88%
Magic:  5/5        EV: 13    Int:  4    God:    Trog [**....]
Gold:   123        SH:  0    Dex: 10    Spells: 5/5 levels left

rFire   . . .        a - +0 hand axe
rCold   . . .        (no shield)
rNeg    . . .        b - +0 animal skin
rPois   .            (helmet restricted)
rElec   .            (no cloak)
rCorr   .            h - +0 pair of gloves
SInv    .            (no boots)
Will    .....        (no amulet)
Stlth   +            (no ring)
HPRegen 0.29/turn    (no ring)
MPRegen 0.09/turn

%: no passive effects
@: mighty, brilliant, lethally poisoned (-5 -> -22)
A: horns 2, retaliatory headbutt
a: Renounce Religion, Berserk, Trog's Hand


You were on level 4 of the Dungeon.
You worshipped Trog.
Trog was pleased with you.
You visited 1 branch of the dungeon, and saw 4 of its levels.

You collected 123 gold pieces.

Inventory:

Hand Weapons
 a - a +0 hand axe (weapon)
Missiles
 f - a throwing net (quivered)
Armour
 b - a +0 animal skin (worn)
 h - a +0 pair of gloves (worn)
Wands
 m - a wand of acid (21)
Scrolls
 c - a scroll of fear {unknown}
 d - 2 scrolls of revelation {unknown}
 e - 2 scrolls of fog {unknown}
 g - 4 scrolls of identify {unknown}
 i - a scroll of silence {unknown}
 q - a scroll of butterflies {unknown}
 s - a scroll of torment {unknown}
Potions
 j - a potion of brilliance
 k - a potion of mutation {unknown}
 l - a potion of heal wounds {unknown}
 n - a potion of lignification {unknown}
 p - a potion of degeneration {unknown}
 r - a potion of enlightenment {unknown}


   Skills:
 + Level 6.0 Fighting
 + Level 6.8 Axes
 + Level 2.5 Armour
 + Level 4.2 Dodging
 + Level 1.0 Stealth


You had 5 spell levels left.
You didn't know any spells.
Your spell library was empty.

Dungeon Overview and Level Annotations

Branches:
Dungeon (4/15)
 Temple: D:4-7

Altars:

Annotations:
D:4 Blork the orc


Innate Abilities, Weirdness & Mutations

You have a pair of horns on your head.
You reflexively headbutt those who attack you in melee.


Message History

You are more poisoned.
The scorpion poisons you!
You hit the scorpion but do no damage. Your headbutt misses the scorpion.
You feel very sick.
Blork the orc mumbles some strange words.
Blork the orc seems to speed up.
The scorpion stings you.
You are more poisoned.
The scorpion poisons you!
You hit the scorpion.
The scorpion is moderately wounded.
You feel very sick. The scorpion stings you.
You are lethally poisoned!
The scorpion poisons you!
You hit the scorpion but do no damage. Your headbutt misses the scorpion.
The scorpion is moderately wounded.
You feel extremely sick. The scorpion barely misses you.
You furiously retaliate!
You headbutt the scorpion. The scorpion misses you.
You barely miss the scorpion.
The scorpion is heavily wounded.
You feel very sick.
Blork the orc hits you from afar with a +0 halberd.
* * * LOW HITPOINT WARNING * * *
The scorpion stings you.
* * * LOW HITPOINT WARNING * * *
You are more poisoned.
The scorpion poisons you! Blork the orc misses you.
It was a potion of brilliance.
You feel clever all of a sudden.
* * * LOW HITPOINT WARNING * * *
You feel extremely sick. Blork the orc closely misses you.
The scorpion closely misses you. You furiously retaliate!
You headbutt the scorpion.
It was a potion of might.
You feel very mighty all of a sudden.
* * * LOW HITPOINT WARNING * * *
You feel very sick. Blork the orc barely misses you. The scorpion stings you!
You die...

#...
#..
#..
#..
#.#
#o#
#s#
#@#
#.#
#.#
#.#
#.#
#.#
#.#
#.#
#.#


You could see Blork the orc (fast) and a scorpion.

Vanquished Creatures
  Sigmund (D:3)
  The ghost of Poisondrake the Vexing, a weakling DsWn (D:3)
  A vampire bat (D:3)
  A bullfrog zombie (D:3)
  A hound (D:4)
  An iguana (D:3)
  A howler monkey zombie (D:3)
  A dart slug (D:1)
  3 fire bats (D:3)
  3 ribbon worms
  2 spectral bats (D:3)
  4 ball pythons
  13 bats
  3 bat skeletons (D:3)
  A bat zombie (D:3)
  5 endoplasms
  2 giant cockroaches (D:1)
  3 goblins
  7 hobgoblins
  2 jackals (D:3)
  5 kobolds
  4 quokkas
  A bat simulacrum (D:3)
  2 frilled lizards
  6 rats
74 creatures vanquished.

Notes
Turn   | Place    | Note
-------+----------+-------------------------------------------
     0 | D:1      | Curundu the Minotaur Berserker began the quest for the Orb.
     0 | D:1      | Reached XP level 1. HP: 19/19 MP: 0/0
   192 | D:1      | Reached XP level 2. HP: 23/27 MP: 1/1
   319 | D:1      | Found a faded altar of an unknown god.
   878 | D:1      | Reached XP level 3. HP: 34/34 MP: 2/2
  1076 | D:2      | Reached ** piety under Trog
  1942 | D:3      | Reached XP level 4. HP: 32/41 MP: 3/3
  1950 | D:3      | Reached skill level 5 in Fighting
  1950 | D:3      | Reached skill level 5 in Axes
  2047 | D:3      | Reached *** piety under Trog
  2048 | D:3      | Reached XP level 5. HP: 48/48 MP: 4/4
  2101 | D:3      | Noticed Sigmund
  2120 | D:3      | Killed Sigmund
  2121 | D:3      | Reached XP level 6. HP: 33/57 MP: 5/5
  2262 | D:3      | Found a transporter.
  2262 | D:3      | Noticed Poisondrake's ghost (weakling DsWn)
  2265 | D:3      | Found a transporter.
  2597 | D:3      | Killed Poisondrake's ghost
  2607 | D:3      | Reached skill level 1 in Stealth
  2868 | D:4      | Noticed Blork the orc
  2876 | D:4      | HP: 2/57 [poisoned by a scorpion]
  2876 | D:4      | Slain by a scorpion

Illustrated notes

Levels and vault maps discovered:
D:1:      minmay_arrival_widening_spiral_wide, layout_basic,
          ebering_ecumenical_altar_petrified
D:2:      layout_loops_ring, kennysheep_cross_room
D:3:      layout_rooms, gammafunk_ghost_mausoleum, goddamned_bats, uniq_sigmund
D:4:      layout_basic, mainiacjoe_overflow_catwalk,
          minmay_temple_entry_proselytizer, uniq_eustachio, uniq_blork_the_orc,
          uniq_ijyb

Skill      XL: |  1  2  3  4  5  6 |
---------------+-------------------+-----
Fighting       | 4 5 6 |  6.0
Axes           | 4 5 6 |  6.8
Dodging        | 3 4 |  4.2
Stealth        | 1 |  1.0
Armour         | |  2.5

Action                     |  1- 3 |  4- 6 || total
---------------------------+-------+-------++-------
  Melee: Hand axe          |    82 |    73 ||   155
         Headbutt          |    14 |     7 ||    21
         Punch             |       |     1 ||     1
 Invoke: Trog's Hand       |       |     2 ||     2
         Berserk           |       |     1 ||     1
    Use: Potion            |       |     2 ||     2
 Armour: Animal skin       |    39 |    65 ||   104
  Dodge: Dodged            |    57 |    57 ||   114
